 Dungeon Crawl Stone Soup version 0.30-a0-760-g5a9884bb7c (webtiles) character file.

Game seed: 11411043041151169690

3 mopl the Sneak (level 1, -1/11 HPs)
             Began as a Vine Stalker Brigand on Feb 10, 2023.
             Slain by a goblin
             ... wielding a +0 dagger
              (3 damage)
             ... on level 1 of the Dungeon.
             The game lasted 00:00:07 (50 turns).

mopl the Sneak (Vine Stalker Brigand)                 Turns: 50, Time: 00:00:08

Health: -1/11      AC:  3    Str: 13    XL:     1   Next: 50%
Magic:  0/2        EV: 11    Int: 11    God:
Gold:   4          SH:  0    Dex: 15    Spells: 0/0 levels left

rFire   . . .      SeeInvis .    a - +2 dagger
rCold   . . .      Faith    .    (no shield)
rNeg    . . .      Spirit   +    b - +0 robe
rPois   .          Reflect  .    (no helmet)
rElec   .          Harm     .    c - +0 cloak
rCorr   .          Rampage  .    (no gloves)
Will    .....                    (no boots)
Stlth   +++                      (no amulet)
HPRegen 0.21/turn                (no ring)
MPRegen 0.08/turn                (no ring)

@: no status effects
A: fangs 2, magic shield, antimagic bite, no potion heal 2
a: no special abilities


You were on level 1 of the Dungeon.
You visited 1 branch of the dungeon, and saw 1 of its levels.

You collected 4 gold pieces.

Inventory:

Hand Weapons
 a - a +2 dagger (weapon)
Missiles
 d - 9 poisoned darts (quivered)
 e - 3 curare-tipped darts
Armour
 b - a +0 robe (worn)
 c - a +0 cloak (worn)


   Skills:
 - Level 1.7 Fighting
 + Level 1.9 Short Blades
 + Level 1.8 Throwing
 - Level 0.7 Dodging
 + Level 4.9 Stealth


You couldn't memorise any spells.
You didn't know any spells.
Your spell library was empty.

Dungeon Overview and Level Annotations

Branches:
Dungeon (1/15)

Altars:


Innate Abilities, Weirdness & Mutations

You have extremely sharp teeth.
When hurt, damage is shared between your health and your magic reserves.
Your bite disrupts and absorbs the magic of your enemies.
Potions cannot restore your health.


Message History

The kobold hits you with a +0 short sword.
You closely miss the kobold.
A goblin comes into view. It is wielding a +0 dagger.
The kobold closely misses you.
You hit the bat.
You kill the bat!
The kobold hits you with a +0 short sword.
You closely miss the kobold. Your bite misses the kobold.
An endoplasm comes into view.
The kobold misses you.
The endoplasm quivers.
You hit the kobold but do no damage. The goblin hits you with a +0 dagger.
The kobold hits you with a +0 short sword.
You hit the kobold.
The kobold is severely wounded.
You hit the kobold but do no damage. Your bite misses the kobold.
The kobold is severely wounded.
The goblin hits you but does no damage. The kobold closely misses you.
You hit the kobold but do no damage. You bite the kobold, but do no damage.
The kobold is heavily wounded.
The goblin hits you but does no damage.
The kobold hits you with a +0 short sword.
* * * LOW HITPOINT WARNING * * *
You are too injured to fight recklessly!
You are too injured to fight recklessly!
You are too injured to fight recklessly!
You are too injured to fight recklessly!
You are too injured to fight recklessly!
You are too injured to fight recklessly!
You are too injured to fight recklessly!
You are too injured to fight recklessly!
You are too injured to fight recklessly!
You are too injured to fight recklessly!
You are too injured to fight recklessly!
You are too injured to fight recklessly!
The goblin attacks as you move away! The goblin hits you with a +0 dagger.
* * * LOW HITPOINT WARNING * * *
The kobold attacks as you move away! The kobold barely misses you.
The goblin attacks as you move away! The goblin hits you with a +0 dagger.
You die...

...................#..
.. #....... #..........
...#...... #..†.#..
......... #..#...#
......†.#########..#...#
. #...?........#.... #..
#..........#.####.
#....####....:.....###
## #....J..g@...####+##
# #.#....†K.##.#
..........##.#
#.#.####...... # #
#.....## ##..#.# #>.....
#.##.##


You could see an endoplasm, a goblin and a kobold.

Vanquished Creatures
  2 bats (D:1)
  A rat (D:1)
3 creatures vanquished.

Notes
Turn   | Place    | Note
-------+----------+-------------------------------------------
     0 | D:1      | mopl the Vine Stalker Brigand began the quest for the Orb.
     0 | D:1      | Reached XP level 1. HP: 11/11 MP: 2/2
    50 | D:1      | Slain by a goblin

Illustrated notes

Levels and vault maps discovered:
D:1:      scummos_arrival_simple_fountains, layout_basic, minmay_unequal

Action                     || total
---------------------------++-------
  Melee: Dagger            ||    14
         Bite              ||     1
   Stab: Sleeping          ||     1
 Armour: Robe              ||     4
  Dodge: Dodged            ||    12

Table legend: (Time is in decaauts)
 A = Elapsed time spent in this place.
 B = Non-inter-level travel time spent in this place.
 C = Inter-level travel time spent in this place.
 D = Time resting spent in this place.
 E = Time spent auto-exploring this place.
 F = Levels seen in this place.
 G = Mean time per level.
                   A        B        C        D        E       F      G
               +--------+--------+--------+--------+--------+-----+--------+
         Total |     48 |     48 |      0 |      0 |     19 |   1 |   48.0 |
       Dungeon |     48 |     48 |      0 |      0 |     19 |   1 |   48.0 |
               +--------+--------+--------+--------+--------+-----+--------+

Top non-repeatable levels by time:
     D:1: 48 daAuts
